cohdb
Replays
Latest Replays
All Replays
Popular Replays
Top Player Replays
Match Explorer
How It Works
Community
CoH3 Stats
Reddit
Sign in to upload your games and track your stats! →
Sign in with Steam
Match 42443835
Unlisted
Match 42443835
Overview
Messages
Build Orders
End
Royal Engineer Section
Construct Section Command Post
ML 3-inch Mortar Team
Infantry Section
Infantry Section
Grenade Package
Selects Indian Artillery Battlegroup
Infantry Section
Selects Valour
Vickers Machine Gun Team
Construct Platoon Command Post
Infantry Training
Selects Towed ML 4.2-inch Heavy Mortar
Unlock M3 Stuart Light Tanks
M3 Stuart Light Tank
M3 Stuart Light Tank
Selects Gurkha Rifles Section
Infantry Section
Selects Off-map Airburst Barrage
Royal Engineer Section
Off-map Airburst Barrage
Royal Engineer Section
Selects Gurkha Rifles Section
Selects Pillage
Tok3n x Operator
TechT0nic
LPG
动物园之狼
0
0
Comments
sign in to comment!
No comments posted yet!